 Dungeon Crawl Stone Soup version 0.17.1-3-g152610e (webtiles) character file.

236 WanderingOwl the Cutter (level 6, -2/57 HPs)
             Began as a Tengu Berserker on Mar 4, 2016.
             Was a Priest of Trog.
             Slain by a worker ant (6 damage)
             ... on level 4 of the Dungeon.
             The game lasted 00:30:59 (3797 turns).

WanderingOwl the Cutter (Tengu Berserker)           Turns: 3797, Time: 00:30:59

Health: -2/57      AC:  3    Str: 23    XL:     6   Next: 6%
Magic:  7/7        EV: 13    Int:  8    God:    Trog [***...]
Gold:   108        SH:  0    Dex: 14    Spells: 0 memorised, 5 levels left

rFire  . . .     SeeInvis .     a - +0 short sword
rCold  . . .     Clarity  .     p - +0 leather armour
rNeg   . . .     SustAt   .     (no shield)
rPois  .         Gourm    .     (helmet restricted)
rElec  .         Spirit   .     (no cloak)
rCorr  .         Warding  .     (no gloves)
rMut   .         Stasis   .     (boots unavailable)
MR     .....                    (no amulet)
Stlth  ..........               (no ring)
                                (no ring)

@: berserking, very quick, not resistant to hostile enchantments, extremely
unstealthy
A: beak, talons 3, able to fly 1
a: Fly, Berserk, Trog's Hand, Burn Spellbooks, Renounce Religion


You were on level 4 of the Dungeon.
You worshipped Trog.
Trog was most pleased with you.
You were hungry.

You visited 1 branch of the dungeon, and saw 4 of its levels.

You collected 108 gold pieces.

Inventory:

Hand Weapons
 a - a +0 short sword (weapon)
Armour
 b - a +0 animal skin
 l - a cursed +0 buckler
 p - a +0 leather armour (worn)
Jewellery
 w - an uncursed amulet of rage
Wands
 u - a wand of enslavement (14)
 y - a wand of cold (10)
 z - a wand of invisibility (4)
Scrolls
 d - 5 scrolls of identify {unknown}
 e - 4 scrolls of remove curse {unknown}
 f - 2 scrolls of recharging {unknown}
 g - 2 scrolls of magic mapping {unknown}
 h - a scroll of teleportation {unknown}
 i - a scroll of enchant weapon {unknown}
 n - a scroll of amnesia {unknown}
 r - 2 scrolls of random uselessness {unknown}
 v - a scroll of noise {unknown}
 x - a scroll of immolation {unknown}
Potions
 j - 2 potions of haste {unknown}
 k - 3 potions of curing {unknown}
 o - a potion of heal wounds {unknown}
 q - 2 potions of agility {unknown}
 s - 2 potions of resistance {unknown}
 t - a potion of might {unknown}
Comestibles
 c - 4 bread rations
 m - a meat ration


   Skills:
 + Level 4.1 Fighting
 + Level 4.2 Short Blades
 + Level 3.7 Armour
 + Level 3.5 Dodging
 + Level 2.0 Stealth


You had 5 spell levels left.
You didn't know any spells.

Dungeon Overview and Level Annotations

Branches:
Dungeon (4/15)
 Temple: D:4-7

Altars:
The Shining One


Innate Abilities, Weirdness & Mutations

You have a beak for a mouth.
You have claws for feet.
You can fly.


Message History

* * * LOW HITPOINT WARNING * * *
You closely miss the hound. You claw the hound.
The hound is almost dead.
The hound bites you.
* * * LOW HITPOINT WARNING * * *
You barely miss the hound. You peck the hound.
You kill the hound!
Trog accepts your kill.
Your Stealth skill increases to level 2!
You have reached level 6!
Your experience leads to an increase in your attributes!
Your base attributes are Str 18, Int 7, Dex 14.
Increase (S)trength, (I)ntelligence, or (D)exterity?
You feel clever.
You barely miss the worker ant. You claw the worker ant.
You peck the worker ant.
The worker ant is heavily wounded.
You are feeling hungry.
The worker ant bites you.
You die...

.) .......
#.#...!...
#..>...#
#...#
#######.#.#
........# #
#######.#
..##a# #.##@#
#.##.# #.##.#
#.##.#
#######.##.#
##..........#
#........####
#..#######
#..#


You could see a worker ant.

Vanquished Creatures
  A centaur skeleton (D:4)
  An orc priest (D:4)
  2 hounds (D:4)
  3 adders
  2 oozes
  An adder skeleton (D:4)
  4 worms
  3 giant geckos
  4 orcs
  3 giant cockroaches
  6 hobgoblins
  8 kobolds
  A quokka (D:2)
  5 bats
  7 giant newts
  6 goblins
  6 jackals
  10 rats
73 creatures vanquished.

Notes
Turn   | Place    | Note
--------------------------------------------------------------
     0 | D:1      | WanderingOwl the Tengu Berserker began the quest for the Orb.
     0 | D:1      | Reached XP level 1. HP: 14/14 MP: 2/2
   385 | D:1      | Reached XP level 2. HP: 17/19 MP: 3/3
  1407 | D:1      | Reached XP level 3. HP: 23/23 MP: 4/4
  1475 | D:1      | Reached ** piety under Trog
  2317 | D:2      | Reached XP level 4. HP: 15/28 MP: 5/5
  2871 | D:3      | Reached skill level 1 in Stealth
  3374 | D:3      | Reached *** piety under Trog
  3589 | D:4      | Gained mutation: You can fly. [Tengu growth]
  3589 | D:4      | Reached XP level 5. HP: 28/33 MP: 6/6
  3692 | D:4      | Found a glowing golden altar of the Shining One.
  3720 | D:4      | Reached skill level 4 in Short Blades
  3796 | D:4      | Reached XP level 6. HP: 4/38 MP: 7/7
  3797 | D:4      | Slain by a worker ant

Action                   |  1- 3 |  4- 6 || total
-------------------------+-------+-------++-------
Melee: Short sword       |   105 |   129 ||   234
Invok: Berserk           |     1 |     1 ||     2
       Trog's Hand       |       |     1 ||     1
  Eat: Chunk             |     4 |     1 ||     5
       Meat ration       |     1 |       ||     1
